 Dungeon Crawl Stone Soup version 0.31-a0-174-g85c54bcb58 (webtiles) character file.

Game seed: 17476738667517723740

2378 Dittersdorf the Covered (level 9, -3/57 HPs)
             Began as a Gargoyle Fighter on June 15, 2023.
             Was an Initiate of the Shining One.
             Slain by a rust devil (8 damage)
             ... on level 6 of the Dungeon.
             The game lasted 00:08:39 (6690 turns).

Dittersdorf the Covered (Gargoyle Fighter)          Turns: 6690, Time: 00:08:40

Health: -3/57      AC: -9    Str: 25    XL:     9   Next: 45%
Magic:  18/18      EV:  7    Int:  8    God:    the Shining One [......]
Gold:   389        SH:  5    Dex:  9    Spells: 8/8 levels left

rFire   . . .        a - +0 flail
rCold   . . .        c - +0 buckler
rNeg    + + +        k - +0 plate armour
rPois   ∞            n - +0 helmet
rElec   +            (no cloak)
rCorr   .            (no gloves)
SInv    .            g - +0 pair of boots
Will    .....        (no amulet) Stlth
                     p - ring "Jafyk" {rN+ MP+9}
HPRegen 0.29/turn    s - ring of positive energy
MPRegen 0.16/turn

%: no passive effects
@: corroded, glowing
A: sickness immunity, AC +6, negative energy resistance 1, electricity
resistance, torment resistance 1, petrification resistance
a: Renounce Religion


You were on level 6 of the Dungeon.
You worshipped the Shining One.
The Shining One was noncommittal.
You visited 2 branches of the dungeon, and saw 8 of its levels.

You collected 389 gold pieces.

Inventory:

Hand Weapons
 a - a +0 flail (weapon)
Armour
 c - a +0 buckler (worn)
 g - a +0 pair of boots (worn)
 k - a +0 plate armour (worn)
 n - a +0 helmet (worn)
Jewellery
 p - the ring "Jafyk" (left hand) {rN+ MP+9}
   (You found it on level 4 of the Dungeon)

   [ring of magical power]

   rN:        It protects you from negative energy.
   MP:        It affects your magic capacity (+9).
 s - a ring of positive energy (right hand)
Wands
 h - a wand of roots (12)
 r - a wand of flame (25)
Scrolls
 f - 2 scrolls of teleportation
 j - 3 scrolls of silence
 m - a scroll of fear {unknown}
 t - a scroll of brand weapon
Potions
 b - a potion of berserk rage
 d - a potion of enlightenment
 e - a potion of heal wounds
 i - 2 potions of brilliance
 o - a potion of mutation {unknown}
 q - 2 potions of cancellation


   Skills:
 + Level 7.5 Fighting
 + Level 6.5 Maces & Flails
 + Level 7.6 Armour
 + Level 7.5 Shields


You had 8 spell levels left.
You didn't know any spells.
Your spell library contained the following spells:

 Spells                   Type           Power      Damage    Failure   Level
 Ensorcelled Hibernation  Hex/Ice        0%         N/A       100%        2
 Passwall                 Tmut/Erth      0%         N/A       100%        2
 Wereblood                Tmut           0%         N/A       100%        2
 Dazzling Flash           Conj/Hex       0%         N/A       100%        3
 Ozocubu's Armour         Ice            0%         N/A       100%        3
 Portal Projectile        Hex/Tloc       0%         N/A       100%        3
 Swiftness                Air            0%         N/A       100%        3
 Tukima's Dance           Hex            0%         N/A       100%        3
 Volatile Blastmotes      Fire/Tloc      0%         2d10      100%        3
 Iskenderun's Mystic Bla  Conj/Tloc      0%         2d3       100%        4
 Blade Hands              Tmut           0%         N/A       100%        5
 Starburst                Conj/Fire      0%         6d3       100%        6
 Ozocubu's Refrigeration  Ice            0%         4d7       100%        7
 Summon Hydra             Summ           0%         N/A       100%        7
 Sublimation of Blood     Necr           Unusable   N/A       N/A         2

Dungeon Overview and Level Annotations

Branches:
Dungeon (7/15)             Temple (1/1) D:7

Altars:
Cheibriados
Dithmenos
Fedhas
Gozag
Kikubaaqudgha
Makhleb
Qazlal
Ru
Sif Muna
Uskayaw
Vehumet
Wu Jian
Yredelemnul
Zin
The Shining One

Annotations:
D:3 3 runed translucent doors, knightboat's ghost, amateur BaRe
D:5 2 transporters


Innate Abilities, Weirdness & Mutations

You are immune to sickness and miasma.
Your stone body is resilient. (AC +6)
You are immune to poison.
You resist negative energy. (rN+)
You are resistant to electric shocks. (rElec)
You are resistant to unholy torment.
You are immune to petrification.


Message History

The rust devil attacks as you move away!
You block the rust devil's attack.
You see here a +0 club.
There is a stone staircase leading up here.
The rust devil hits you. The rust devil corrodes you!
You climb upwards.
Reactivating autopickup.
There is a stone staircase leading down here.
Items here: ( )) [ ÷.
The rust devil attacks as you move away!
The rust devil barely misses you.
You see here a +0 leather armour.
The rust devil attacks as you move away!
The rust devil closely misses you.
The rust devil attacks as you move away!
You block the rust devil's attack.
The rust devil attacks as you move away!
The rust devil barely misses you.
The rust devil attacks as you move away!
The rust devil hits you!
* * * LOW HITPOINT WARNING * * *
The rust devil corrodes you!
The rust devil attacks as you move away!
The rust devil hits you!
* * * LOW HITPOINT WARNING * * *
The rust devil corrodes you!
The rust devil attacks as you move away!
The rust devil barely misses you.
The rust devil attacks as you move away!
The rust devil hits you.
* * * LOW HITPOINT WARNING * * *
The rust devil corrodes you!
There is a stone staircase leading up here.
The rust devil attacks as you move away!
The rust devil hits you.
* * * LOW HITPOINT WARNING * * *
The rust devil corrodes you!
The rust devil attacks as you move away!
The rust devil hits you!
You die...

#.#..##.......##.#..##..).##....#
..#..#>...8... #.#.###.....#....#
.##..##.o.....##...# ##.#......##
.##...#♣.....♣#....# #.###.....#
....#.##)#+#)##....####.......#..
.......### ###...........######..
..#......###...........### ###..
..##................<..#.####....
.....##....##...@4.##......#.....
.....##....####.##.######........
..#####..#....#..### #.........
..# #...........#######........
..# #..............#.####......
.## ##...#.[...................
## ###........#....##........
#.....[.....#.###.<.##..
#..))[#.....#.###....#..


You could see a rust devil.

Vanquished Creatures
  Pikel (D:4)
  Sigmund (D:4)
  2 steam dragons (D:6)
  2 orc warriors
  An ice beast (D:5)
  A black bear (D:5)
  2 centaurs
  Blork the orc (D:4)
  2 scorpions
  A howler monkey (D:7)
  5 hounds
  A gnoll bouda (D:5)
  4 orc priests
  A sleepcap (D:4)
  Ijyb (D:4)
  6 iguanas
  An orc wizard (D:7)
  7 gnolls
  6 adders
  A shadow imp (D:6)
  A dart slug (D:1)
  19 orcs
  6 endoplasms
  5 giant cockroaches
  5 goblins
  10 hobgoblins
  2 jackals (D:1)
  4 quokkas
  5 ball pythons
  A frilled lizard (D:1)
  6 kobolds
  6 rats
117 creatures vanquished.

Vanquished Creatures (others)
  4 orcs (D:6)
4 creatures vanquished.

Grand Total: 121 creatures vanquished

Notes
Turn   | Place    | Note
-------+----------+-------------------------------------------
     0 | D:1      | Dittersdorf the Gargoyle Fighter began the quest for the
                  | Orb.
     0 | D:1      | Reached XP level 1. HP: 14/14 MP: 1/1
    85 | D:1      | Reached XP level 2. HP: 19/19 MP: 2/2
   254 | D:1      | Reached XP level 3. HP: 23/23 MP: 3/3
  1257 | D:3      | Reached XP level 4. HP: 29/29 MP: 4/4
  1298 | D:3      | Found a runed translucent gate.
  1617 | D:3      | Found a runed translucent gate.
  1617 | D:3      | Found a runed translucent gate.
  1759 | D:3      | Reached XP level 5. HP: 33/33 MP: 5/5
  2381 | D:3      | Noticed knightboat's ghost (amateur BaRe)
  2719 | D:4      | Noticed Blork the orc
  2728 | D:4      | Killed Blork the orc
  2729 | D:4      | Reached XP level 6. HP: 23/39 MP: 6/6
  2815 | D:4      | Noticed Sigmund
  2831 | D:4      | Killed Sigmund
  2832 | D:4      | Reached skill level 5 in Armour
  2832 | D:4      | Reached skill level 5 in Shields
  2837 | D:4      | Identified the ring "Jafyk" {rN+ MP+9}
  3010 | D:4      | Reached skill level 5 in Fighting
  3076 | D:4      | Noticed Pikel
  3089 | D:4      | Killed Pikel
  3090 | D:4      | Reached XP level 7. HP: 45/45 MP: 7/7
  3090 | D:4      | Reached XP level 8. HP: 51/51 MP: 8/8
  3563 | D:5      | Entered Level 5 of the Dungeon
  3611 | D:5      | Found a transporter.
  3657 | D:5      | Reached skill level 5 in Maces & Flails
  3665 | D:5      | Noticed Ijyb
  3841 | D:4      | Killed Ijyb
  4091 | D:5      | Found a transporter.
  5198 | D:6      | Found a blossoming altar of Fedhas.
  5235 | D:6      | Reached XP level 9. HP: 37/56 MP: 9/9
  5964 | D:7      | Found a staircase to the Ecumenical Temple.
  6184 | Temple   | Entered the Ecumenical Temple
  6412 | Temple   | Became a worshipper of the Shining One
  6486 | D:6      | Noticed a rust devil
  6486 | D:6      | Noticed a rust devil
  6690 | D:6      | Slain by a rust devil

Illustrated notes

Levels and vault maps discovered:
D:1:      lightli_arrival_flooded_house, layout_rooms
D:2:      layout_basic
D:3:      layout_loops_corners, gammafunk_ghost_necromancy,
          nicolae_grassy_gnolls
D:4:      layout_loops_corners, minivault_1, minmay_unequal, uniq_sigmund,
          uniq_pikel, uniq_blork_the_orc
D:5:      gammafunk_wand_slinger, layout_gridville, uniq_ijyb
D:6:      cheibrodos_iron_armory, layout_cave_pools,
          mainiacjoe_overflow_concentric_impassable
D:7:      cheibrodos_shockbox, layout_basic, marbit_many_paths,
          minmay_temple_entry_tees
Temple:   eino_temple_water

Skill      XL: |  1  2  3  4  5  6  7  8  9 |
---------------+----------------------------+-----
Fighting       | 4 5 6 7 |  7.5
Armour         | 4 5 6 7 |  7.6
Shields        | 4 5 6 7 |  7.5
Maces & Flails | 3 4 5 6 |  6.5

Action                     |  1- 3 |  4- 6 |  7- 9 || total
---------------------------+-------+-------+-------++-------
  Melee: Flail             |   125 |   122 |   279 ||   526
    Use: Potion            |       |     1 |       ||     1
         Scroll            |       |       |    10 ||    10
 Armour: Scale mail        |    77 |     4 |       ||    81
         Chain mail        |       |    61 |   217 ||   278
         Plate armour      |       |       |     3 ||     3
  Dodge: Dodged            |    77 |    51 |   139 ||   267
  Block: Buckler           |    32 |    29 |    93 ||   154

Table legend: (Time is in decaauts)
 A = Elapsed time spent in this place.
 B = Non-inter-level travel time spent in this place.
 C = Inter-level travel time spent in this place.
 D = Time resting spent in this place.
 E = Time spent auto-exploring this place.
 F = Levels seen in this place.
 G = Mean time per level.
                   A        B        C        D        E       F      G
               +--------+--------+--------+--------+--------+-----+--------+
         Total |   6812 |   6442 |    370 |   1078 |   3927 |   8 |  851.5 |
       Dungeon |   6572 |   6236 |    336 |   1078 |   3734 |   7 |  938.9 |
        Temple |    239 |    205 |     34 |      0 |    193 |   1 |  239.0 |
               +--------+--------+--------+--------+--------+-----+--------+

Top non-repeatable levels by time:
     D:5: 1398 daAuts
     D:4: 1288 daAuts
     D:3: 1229 daAuts
     D:6: 1059 daAuts
     D:2: 771 daAuts
     D:1: 567 daAuts
     D:7: 257 daAuts
  Temple: 239 daAuts
